 Dungeon Crawl Stone Soup version 0.31-a0-1576-ga3383ba (webtiles) character file.

Game seed: 2497685137967032749

123 blake the Magician (level 5, -2/38 HPs)
             Began as a Djinni Fire Elementalist on Jan 4, 2024.
             Was a Believer of Makhleb.
             Slain by a wight
             ... wielding a +4 halberd
              (21 damage)
             ... on level 4 of the Dungeon.
             The game lasted 00:10:53 (2189 turns).

blake the Magician (Djinni Fire Elementalist)       Turns: 2189, Time: 00:10:53

Health: -2/38      AC:  3    Str:  7    XL:     5   Next: 29%
Gold:   128        EV: 12    Int: 18    God:    Makhleb [**....] SH:  0 Dex: 17

rFire   + + +        o - +4 whip (venom)
rCold   x . .        (no shield)
rNeg    . . .        a - +0 robe
rPois   ∞            i - +0 helmet "Quenwiuth" {rF+ Dex+3}
rElec   .            (no cloak)
rCorr   .            (no gloves)
SInv    .            (boots unavailable)
Will    +....        (no amulet)
Stlth   ++           l - ring of willpower
HPRegen 0.26/turn    (no ring)
MPRegen 0.00/turn

%: infuse magic (-3 HP)
@: flying
A: sickness immunity, fire resistance 2, cold vulnerability 1, float, innate
caster, HP casting, extra vitality 1
a: Renounce Religion, Minor Destruction


You were on level 4 of the Dungeon.
You worshipped Makhleb.
Makhleb was pleased with you.
You visited 1 branch of the dungeon, and saw 4 of its levels.

You collected 128 gold pieces.

Inventory:

Hand Weapons
 o - a +4 whip of venom (weapon)
Armour
 a - a +0 robe (worn)
 i - the +0 helmet "Quenwiuth" (worn) {rF+ Dex+3}
   (You found it on level 2 of the Dungeon)

   Dex+3:     It affects your dexterity (+3).
   rF+:       It protects you from fire.
Jewellery
 l - a ring of willpower (left hand)
Scrolls
 g - a scroll of identify {unknown}
 m - a scroll of summoning {unknown}
 r - a scroll of poison {unknown}
Potions
 b - a potion of enlightenment {unknown}
 c - a potion of invisibility {unknown}
 d - a potion of heal wounds
 e - a potion of magic {unknown}
 f - a potion of haste {unknown}
 h - a potion of resistance {unknown}
 j - 2 potions of lignification {unknown}
 k - 3 potions of curing {unknown}
 n - a potion of brilliance {unknown}
 p - a potion of degeneration {unknown}
 q - 2 potions of might {unknown}


   Skills:
 + Level 2.3 Fighting
 - Level 2.1 Dodging
 - Level 1.5 Stealth
 * Level 4.3 Spellcasting
 * Level 4.3 Conjurations
 * Level 4.3 Hexes
 * Level 4.3 Summonings
 * Level 4.3 Necromancy
 * Level 4.3 Translocations
 * Level 4.3 Fire Magic
 * Level 4.3 Ice Magic
 * Level 4.3 Air Magic
 * Level 4.3 Earth Magic
 * Level 4.3 Alchemy


You knew the following spells:

 Your Spells              Type           Power      Damage    Failure   Level
a - Foxfire               Conj/Fire      76%        2x1d7     2%          1
b - Scorch                Fire           38%        2d6       3%          2
c - Volatile Blastmotes   Fire/Tloc      38%        2d13      7%          3
d - Inner Flame           Hex/Fire       19%        N/A       7%          3
e - Flame Wave            Conj/Fire      19%        2d7       24%         4
f - Slow                  Hex            76%        N/A       2%          1
g - Lesser Beckoning      Tloc           38%        N/A       3%          2
Your spell library was empty.

Dungeon Overview and Level Annotations

Branches:
Dungeon (4/15)
 Temple: D:4-7

Altars:
Makhleb
Qazlal

Shops:
D:2 :

Annotations:
D:3 2 transporters, CountryCottage's ghost, amateur KoBr


Innate Abilities, Weirdness & Mutations

You are immune to sickness and miasma.
You are immune to poison.
Your flesh is very heat resistant. (rF++)
You are vulnerable to cold. (rC-)
You float through the air rather than walking.
You learn spells naturally, not from books.
Your magical power is your life essence.
You have superior vitality. (+4 MHP)


Message History

You conjure some foxfire!
The wight closely misses you.
Casting: Foxfire (safe; 2% risk of failure)
Confirm with . or Enter, or press ? or * to list all spells.
There is not enough space to conjure foxfire!
The foxfire hits the wight.
The wight is lightly damaged.
The wight hits you from afar with a +4 halberd!!
The foxfire hits the wight but does no damage.
The wight is lightly damaged.
Casting: Foxfire (safe; 2% risk of failure)
Confirm with . or Enter, or press ? or * to list all spells.
You conjure some foxfire!
The wight hits you from afar with a +4 halberd.
Your foxfire dissipates!
Casting: Foxfire (safe; 2% risk of failure)
Confirm with . or Enter, or press ? or * to list all spells.
Okay, then.
Okay, then.
Casting: Foxfire (safe; 2% risk of failure)
Confirm with . or Enter, or press ? or * to list all spells.
Aiming: Slow (safe; 2% risk of failure)
Press: ? - help, Shift-Dir - straight line, f - wight
Aim: a wight, wielding a +4 halberd and wearing a +0 robe (wisps of flame, lightly damaged, chance to affect: 51%)
Okay, then.
Press: ? - help, v - describe, . - travel
Here: a wight, wielding a +4 halberd and wearing a +0 robe (wisps of flame, lightly damaged)
The floor.
Okay, then.
It was a potion of heal wounds.
You feel much better. The wight hits you with a +4 halberd!
Casting: Slow (safe; 2% risk of failure)
Confirm with . or Enter, or press ? or * to list all spells.
Flames lash the wight.
The wight is heavily damaged.
The wight's fire resistance burns away.
The wight barely misses you.
Casting: Scorch (safe; 3% risk of failure)
Confirm with . or Enter, or press ? or * to list all spells.
You conjure some foxfire!
The wight hits you with a +4 halberd!!
Ouch! That really hurt!
You die...

#.#.##...###
.... ##.##
#.# #.# #.#
#.# #.#
#v### #.@v#
###z# ..#
.§.# ##..#
...# #.## #.


You could see a wight (combustible, ally target).

Vanquished Creatures
  A bombardier beetle (D:3)
  3 adders
  2 ribbon worms (D:3)
  5 orcs (D:3)
  5 endoplasms
  4 giant cockroaches
  7 hobgoblins
  6 ball pythons
  5 bats
  2 frilled lizards (D:2)
  3 goblins
  6 kobolds
  5 rats
54 creatures vanquished.

Vanquished Creatures (others)
  154 foxfires
154 creatures vanquished.

Grand Total: 208 creatures vanquished

Notes
Turn   | Place    | Note
-------+----------+-------------------------------------------
     0 | D:1      | blake the Djinni Fire Elementalist began the quest for the
                  | Orb.
     0 | D:1      | blake set off with the following spells memorised: Foxfire,
                  | Scorch, Volatile Blastmotes, Inner Flame, Flame Wave.
     0 | D:1      | Reached XP level 1. HP: 15/15 MP: 0/0
   233 | D:1      | Reached XP level 2. HP: 22/22 MP: 0/0
   304 | D:1      | Found a faded altar of an unknown god.
   308 | D:1      | Prayed at the altar of an unknown god.
   308 | D:1      | Became a worshipper of Makhleb the Destroyer
   308 | D:1      | Reached * piety under Makhleb
   389 | D:1      | Reached skill level 1 in Fighting
   768 | D:2      | Reached XP level 3. HP: 27/27 MP: 0/0
   768 | D:2      | Learned a level 1 spell: Slow
  1007 | D:2      | Found Baokly Ytzo's Book Emporium.
  1011 | D:2      | Identified the +0 helmet "Quenwiuth" {rF+ Dex+3}
  1494 | D:3      | Reached ** piety under Makhleb
  1539 | D:3      | Reached XP level 4. HP: 32/32 MP: 0/0
  1656 | D:3      | Found a transporter.
  1659 | D:3      | Noticed CountryCottage's ghost (amateur KoBr)
  1700 | D:3      | Found a transporter.
  1705 | D:3      | Found a stormy altar of Qazlal.
  1927 | D:3      | Reached XP level 5. HP: 33/38 MP: 0/0
  1927 | D:3      | Learned a level 2 spell: Lesser Beckoning
  2189 | D:4      | Slain by a wight

Illustrated notes

Levels and vault maps discovered:
D:1:      lightli_arrival_flooded_house, layout_loops_ring,
          shapermc_ecumenical_altar_mp_urbaneastern
D:2:      layout_basic, serial_shops, nicolae_shop_tiny_waterfront
D:3:      minmay_general_purpose_star, layout_basic,
          mainiacjoe_overflow_small_starburst, gammafunk_ghost_stat_death
D:4:      layout_loops_cross, marbit_many_paths, nemelex_spade_bored_becter,
          jmf_multi_god_temple2, serial_shops, nicolae_shop_dealshenge, shop

Skill      XL: |  1  2  3  4 |
---------------+-------------+-----
Fighting       | 1 2 |  2.3
Spellcasting   | 4 |  4.3
Conjurations   | 4 |  4.3
Hexes          | 4 |  4.3
Summonings     | 4 |  4.3
Necromancy     | 4 |  4.3
Translocations | 4 |  4.3
Fire Magic     | 4 |  4.3
Ice Magic      | 4 |  4.3
Air Magic      | 4 |  4.3
Earth Magic    | 4 |  4.3
Alchemy        | 4 |  4.3
Dodging        | |  2.1
Stealth        | |  1.5

Action                     |  1- 3 |  4- 6 || total
---------------------------+-------+-------++-------
  Melee: Unarmed           |     1 |       ||     1
   Cast: Foxfire           |    69 |    43 ||   112
         Scorch            |       |     1 ||     1
    Use: Potion            |       |     1 ||     1
 Armour: Robe              |     5 |     4 ||     9
  Dodge: Dodged            |     5 |     4 ||     9

Table legend: (Time is in decaauts)
 A = Elapsed time spent in this place.
 B = Non-inter-level travel time spent in this place.
 C = Inter-level travel time spent in this place.
 D = Time resting spent in this place.
 E = Time spent auto-exploring this place.
 F = Levels seen in this place.
 G = Mean time per level.
                   A        B        C        D        E       F      G
               +--------+--------+--------+--------+--------+-----+--------+
         Total |   2187 |   2123 |     64 |      0 |   1808 |   4 |  546.8 |
       Dungeon |   2187 |   2123 |     64 |      0 |   1808 |   4 |  546.8 |
               +--------+--------+--------+--------+--------+-----+--------+

Top non-repeatable levels by time:
     D:2: 727 daAuts
     D:3: 661 daAuts
     D:1: 650 daAuts
     D:4: 148 daAuts
